 Dungeon Crawl Stone Soup version 0.31-a0-986-g5e6e4ef867 (webtiles) character file.

Game seed: 14661199920120943068

610 timneilson the Trooper (level 7, 0/49 HPs)
             Began as an Octopode Shapeshifter on Nov 4, 2023.
             Slain by Duvessa
             ... wielding a +2 short sword of speed
              (9 damage)
             ... on level 4 of the Dungeon.
             The game lasted 00:06:50 (3285 turns).

timneilson the Trooper (Octopode Shapeshifter)      Turns: 3285, Time: 00:06:51

Health: 0/49       AC:  1    Str: 15    XL:     7   Next: 43%
Magic:  9/9        EV: 14    Int: 13    God:
Gold:   227        SH:  0    Dex: 11    Spells: 9/9 levels left

rFire   . .          .
                       - Unarmed
rCold   . . .        (no shield)
rNeg    . . .        (helmet currently unavailable)
rPois   .            (no amulet)
rElec   .            (no ring)
rCorr   .            (no ring)
SInv    .            (no ring)
Will    .....        (no ring)
Stlth   +++          (no ring)
HPRegen 0.28/turn    (no ring)
MPRegen 0.11/turn    (no ring)
                     (no ring)

%: no passive effects
@: beast-form, studying Fighting
A: beast (slay +2), almost no armour, amphibious, 8 rings, camouflage 1,
gelatinous body 1, (nimble swimmer 1), tentacles
a: Begin Untransformation


You were on level 4 of the Dungeon.
You were a hulking beast.
You visited 1 branch of the dungeon, and saw 4 of its levels.
You also visited: Sewer.

You collected 227 gold pieces.

Inventory:

Missiles
 i - a throwing net
Talismans
 b - a beast talisman
 c - a flux talisman
Wands
 l - a wand of flame (23)
Scrolls
 e - a scroll of poison
 f - 2 scrolls of identify
 h - 3 scrolls of teleportation
 n - a scroll of blinking
 r - 3 scrolls of fog
 s - a scroll of brand weapon
Potions
 a - a potion of lignification
 d - 3 potions of curing
 g - 2 potions of attraction
 j - 3 potions of heal wounds
 m - a potion of invisibility
 o - a potion of cancellation
 t - a potion of mutation {unknown}


   Skills:
 * Level 4.8 Fighting
 * Level 3.7 Dodging
 + Level 3.0 Stealth
 * Level 4.5 Unarmed Combat
 + Level 1.9 Spellcasting
 + Level 1.2 Evocations
 * Level 4.3 Shapeshifting


You had 9 spell levels left.
You didn't know any spells.
Your spell library was empty.

Dungeon Overview and Level Annotations

Branches:
Dungeon (4/15)              Sewer (visited)
 Temple: D:4-7

Altars:

Annotations:
D:4 Duvessa


Innate Abilities, Weirdness & Mutations

You are a hulking beast.
Your limbs bulge with bestial killing power. (Slay +2)
You cannot wear most types of armour.
You are amphibious.
You can wear up to eight rings at the same time.
Your skin changes colour to match your surroundings (Stealth+).
Your rubbery body absorbs attacks. (AC +1, EV +1)
((You are camouflaged when in or above water. (Stealth+)))
You have tentacles for arms and can constrict up to eight enemies at once.


Message History

There is an open door here.
You open the door.
There is an open door here.
There is an open door here.
There is an open door here.
There is an open door here.
There is an open door here.
There is an open door here.
There is an open door here.
There is an open door here.
Okay, then.
Duvessa shouts!
Dowan shouts!
Dowan points at you and mumbles some strange words.
The puff of flame misses you. Duvessa misses you.
You tentacle-slap Duvessa. You grab Duvessa.
Duvessa is lightly wounded.
You constrict Duvessa, but do no damage.
Duvessa hits you with a +2 short sword of speed!
You bludgeon Dowan! You grab Dowan.
Dowan is heavily wounded.
You constrict Duvessa, but do no damage.
You constrict Dowan.
Duvessa hits you with a +2 short sword of speed.
You bludgeon Dowan!
Dowan is almost dead.
You constrict Duvessa. You constrict Dowan.
Duvessa hits you with a +2 short sword of speed!
Dowan closely misses you. Duvessa closely misses you.
You bludgeon Duvessa!
Duvessa is moderately wounded.
You constrict Duvessa, but do no damage.
You constrict Dowan.
You kill Dowan!
Duvessa weeps, and shakes her weapon.
Duvessa goes berserk!
Duvessa hits you with a +2 short sword of speed!
* * * LOW HITPOINT WARNING * * *
Duvessa hits you with a +2 short sword of speed!
You die...

......#......#...#.......#
......#......#...#.......#
......#......#...#.......#
..##+##......#########...#
..#........>.........#####
..#..................#
..#..................#
..#..............)...#
..#.............he...#
..#..................#
#+#............).....#
........##########......
........#.)..# ......
...)....'....# ......
........#....# .....
........#....# .....
........#....#


You could see Duvessa (berserk).

Vanquished Creatures
  Sigmund (D:4)
  A kobold brigand (Sewer)
  A scorpion (D:4)
  Dowan (D:4)
  A hound (D:4)
  Natasha (thrice) (D:2)
  An orc wizard (D:3)
  4 gnolls (D:2)
  A river rat (Sewer)
  7 adders
  2 worms (D:3)
  5 dart slugs
  4 orcs (D:3)
  7 endoplasms
  3 giant cockroaches
  3 goblins
  3 hobgoblins
  3 jackals (D:4)
  A quokka (D:3)
  7 ball pythons
  6 bats
  12 kobolds
  5 rats
82 creatures vanquished.

Notes
Turn   | Place    | Note
-------+----------+-------------------------------------------
     0 | D:1      | timneilson the Octopode Shapeshifter began the quest for
                  | the Orb.
     0 | D:1      | Reached XP level 1. HP: 13/13 MP: 1/1
     0 | D:1      | Noticed a demonspawn zombie
     7 | D:1      | Noticed a minotaur zombie
    13 | D:1      | Noticed a demonspawn zombie
    13 | D:1      | Noticed a merfolk zombie
   205 | D:1      | Reached XP level 2. HP: 13/18 MP: 2/2
  1057 | D:2      | Reached skill level 1 in Stealth
  1057 | D:2      | Reached XP level 3. HP: 24/24 MP: 3/3
  1094 | D:2      | Noticed Natasha
  1104 | D:2      | Killed Natasha
  1105 | D:2      | Reached XP level 4. HP: 15/30 MP: 5/5
  1374 | D:2      | Noticed Natasha
  1380 | D:2      | Killed Natasha
  1381 | D:2      | Reached skill level 1 in Spellcasting
  1397 | D:2      | Noticed Natasha
  1403 | D:2      | Killed Natasha
  1404 | D:2      | Reached XP level 5. HP: 30/36 MP: 6/6
  2279 | D:4      | Reached XP level 6. HP: 39/42 MP: 8/8
  2377 | D:4      | Noticed Duvessa
  2378 | D:4      | Noticed Dowan
  2404 | D:4      | Noticed Sigmund
  2428 | D:4      | Killed Sigmund
  2429 | D:4      | Reached XP level 7. HP: 30/49 MP: 9/9
  2549 | D:4      | Found a glowing drain.
  2567 | D:4      | Reached skill level 1 in Evocations
  2573 | Sewer    | Entered a sewer
  3285 | D:4      | Killed Dowan
  3285 | D:4      | Slain by Duvessa

Illustrated notes

Levels and vault maps discovered:
D:1:      shiori_arrival_whats_in_store_for_you, layout_loops_ring,
          serial_forest, infiniplex_forest_lined_corner,
          infiniplex_forest_lined_3, infiniplex_forest_end_1,
          infiniplex_forest_lined_2, nicolae_figureground_pulse
D:2:      layout_basic, kennysheep_decorative_pillar,
          chequers_serial_rivers_small_3, uniq_natasha
D:3:      layout_loops_cross
D:4:      layout_gridville, gup_sewer_entry_glass, nicolae_letterblocks
          [nicolae_letter_subblock, nicolae_letter_subblock,
          nicolae_letter_subblock, nicolae_letter_subblock,
          nicolae_letter_subblock, nicolae_letter_subblock,
          nicolae_letter_subblock, nicolae_letter_subblock,
          nicolae_letter_subblock, nicolae_letter_subblock,
          nicolae_letter_subblock, nicolae_letter_subblock,
          nicolae_letter_subblock, nicolae_letter_subblock,
          nicolae_letter_subblock, nicolae_letter_subblock,
          nicolae_letter_subblock, nicolae_letter_subblock,
          nicolae_letter_subblock, nicolae_letter_subblock,
          nicolae_letter_subblock, nicolae_letter_subblock,
          nicolae_letter_subblock, nicolae_letter_subblock,
          nicolae_letter_subblock], uniq_sigmund, uniq_duvessa

Skill      XL: |  1  2  3  4  5  6  7 |
---------------+----------------------+-----
Stealth        | 1 2 3 |  3.0
Fighting       | 2 3 4 |  4.8
Spellcasting   | 1 |  1.9
Dodging        | 3 |  3.7
Unarmed Combat | 4 |  4.5
Shapeshifting  | 4 |  4.3
Evocations     | 1 |  1.2

Action                     |  1- 3 |  4- 6 |  7- 9 || total
---------------------------+-------+-------+-------++-------
  Melee: Unarmed           |    48 |    81 |    60 ||   189
         Constrict         |    12 |    26 |    15 ||    53
         Tentacles         |     9 |    19 |     6 ||    34
         Punch             |     1 |     2 |     3 ||     6
    Use: Scroll            |     3 |     6 |     7 ||    16
   Stab: Sleeping          |     4 |     7 |     8 ||    19
 Armour: Skin              |    13 |    24 |    24 ||    61
  Dodge: Dodged            |    26 |    41 |    41 ||   108

Table legend: (Time is in decaauts)
 A = Elapsed time spent in this place.
 B = Non-inter-level travel time spent in this place.
 C = Inter-level travel time spent in this place.
 D = Time resting spent in this place.
 E = Time spent auto-exploring this place.
 F = Levels seen in this place.
 G = Mean time per level.
                   A        B        C        D        E       F      G
               +--------+--------+--------+--------+--------+-----+--------+
         Total |   3277 |   3210 |     67 |     67 |   2208 |   5 |  655.4 |
       Dungeon |   2918 |   2851 |     67 |     30 |   2076 |   4 |  729.5 |
         Sewer |    358 |    358 |      0 |     37 |    132 |   1 |  358.0 |
               +--------+--------+--------+--------+--------+-----+--------+

Top non-repeatable levels by time:
     D:3: 777 daAuts
     D:1: 763 daAuts
     D:2: 731 daAuts
     D:4: 646 daAuts
   Sewer: 358 daAuts
